 Dungeon Sprint DCSS version 0.14-a0-329-g7c54ee0 (console) character file.

589 Dalvant the Arsonist (level 7, -2/40 HPs)
             Began as a Deep Elf Fire Elementalist on Oct 22, 2013.
             Was a Follower of Vehumet.
             Killed by miscasting Bolt of Fire (42 damage)
             ... in the Dungeon (Sprint III: "The Ten Rune Challenge").
             The game lasted 00:04:12 (1238 turns).

Dalvant the Arsonist (Deep Elf Fire Elementalist)   Turns: 1238, Time: 00:04:13

HP  -2/40        AC  2     Str  5      XL: 7   Next:  5%
MP  18/24        EV 13     Int 22      God: Vehumet [*.....]
Gold 51          SH  0     Dex 15      Spells:  4 memorised,  5 levels left

Res.Fire  : . . .   See Invis. : .   e - +0 elf long sword (holy)
Res.Cold  : . . .   Warding    : .   a - +0 elf robe
Life Prot.: . . .   Conserve   : .   (no shield)
Res.Poison: .       Res.Corr.  : .   (no helmet)
Res.Elec. : .       Clarity    : .   (no cloak)
Sust.Abil.: . .     Spirit.Shd : .   (no gloves)
Res.Mut.  : .       Prev.Telep.: +   (no boots)
Res.Rott. : .       Flight     : .   (no amulet)
Saprovore : . . .                    (no ring)
                                     (no ring)

@: very slightly contaminated, slightly resistant to hostile enchantments, quite
stealthy
A: no striking features
a: Renounce Religion


You were in the Dungeon.
You worshipped Vehumet.
Vehumet was aware of your devotion.
You were very hungry.

You visited 1 branch You collected 31 gold pieces.

Inventory:

Hand weapons
 e - a +0,+0 elven long sword of holy wrath (weapon)
Armour
 a - a +0 elven robe (worn)
Magical devices
 h - a wand of frost (15)
 j - a wand of slowing (10)
Comestibles
 c - 3 bread rations
 l - a meat ration
Scrolls
 i - a scroll of blinking
 n - 2 scrolls of immolation {unknown}
 o - 2 scrolls of identify
 p - 2 scrolls of remove curse
 s - 2 scrolls of magic mapping {unknown}
Potions
 b - a potion of might
 d - a potion of curing
 f - a potion of speed
 g - 2 potions of magic
 q - 3 potions of cure mutation
 t - 2 potions of flight
Books
 k - a book of Fire

   Spells                             Type                      Level
   Fire Brand                         Charms/Fire                  2
   Ignite Poison                      Fire/Transmutation           5
   *Fireball                          Conjuration/Fire             5
   *Bolt of Fire                      Conjuration/Fire             6
   Delayed Fireball                   Conjuration/Fire             7
   Ring of Flames                     Charms/Fire                  7


   Skills:
 * Level 5.5 Fighting
 - Level 3.3 Dodging
 - Level 6.3 Stealth
 + Level 7.5 Spellcasting
 * Level 7.8 Conjurations
 + Level 10.1 Fire Magic


You had 5 spell levels left.
You knew the following spells:

 Your Spells              Type           Power        Failure   Level  Hunger
a - Flame Tongue          Conj/Fire      #####        1%          1    None
b - Fireball              Conj/Fire      #####.....   8%          5    ####...
c - Sticky Flame          Conj/Fire      #####...     1%          4    ###....
e - Bolt of Fire          Conj/Fire      #####.....   34%         6    ######.


Dungeon Overview and Level Annotations

Branches:
Dungeon (1/1)

Altars:
Cheibriados
Elyvilon
Fedhas
Kikubaaqudgha
Okawaru
Sif Muna
Trog
Vehumet
Yredelemnul
Zin
the Shining One


Message History

You start resting.
Magic restored.
You start resting.
HP restored.
There is an open door here.
You open the door.
A jelly comes into view.
The jelly quivers.
Found a royal jelly.
Casting: Flame Tongue
Confirm with . or Enter, or press ? or * to list all spells.
Aiming: Bolt of Fire
Press: ? - help, Shift-Dir - straight line, f - jelly
Aim: a jelly You miscast Bolt of Fire.
You are very lightly contaminated with residual magic.
There is a sudden and violent explosion of flames!
The fireball engulfs you!
Ouch! That really hurt!
You die...

###################
#<.#..'...♣♣♣♣♣♣♣.############
#<.#..#......♣♣♣♣.#___#__[#__#
##'####.....♣♣♣♣..#...#..)#%_#
#.%...#....≈♣♣♣♣..###'#'###'##
#.....#...≈≈....♣.#..........#
#.....#..≈≈≈≈♣..♣.'.⌠......@.#
#####%#..≈≈≈≈≈≈.♣.#...######'#
#.....#.≈≈≈≈≈≈....#.⌠.# .#
#.%...#.≈≈≈≈≈.....#...# .#
#.....#.≈≈≈.......#)### .#
#'#####...........#):.# J+
#.........%.......#___# .#
####################### ##


You could see a jelly.

Vanquished Creatures
  A deep elf priest (D)
  A necrophage (D)
  A water elemental (D)
  A wizard (D)
  A necromancer (D)
  3 humans (D)
  Jessica (D)
  A kobold demonologist (D)
  A giant mite (D)
  A grey rat (D)
  A phantom (D)
  An ooze (D)
14 creatures vanquished.

Vanquished Creatures (others)
  2 draconian scorchers (D)
  2 yaktaurs (D)
  2 fire drakes (D)
6 creatures vanquished.

Grand Total: 20 creatures vanquished

Notes
Turn   | Place    | Note
--------------------------------------------------------------
     0 | D        | Dalvant, the Deep Elf Fire Elementalist, began the quest for the Orb.
     0 | D        | Reached XP level 1. HP: 10/10 MP: 4/4
     7 | D        | Reached skill level 4 in Fire Magic
   254 | D        | Reached skill level 5 in Fire Magic
   254 | D        | Reached XP level 2. HP: 13/15 MP: 1/7
   312 | D        | Noticed Jessica
   316 | D        | Killed Jessica
   316 | D        | Reached skill level 1 in Fighting
   316 | D        | Reached XP level 3. HP: 19/19 MP: 5/10
   344 | D        | Killed a white draconian scorcher
   377 | D        | Reached skill level 6 in Fire Magic
   424 | D        | Killed a white draconian scorcher
   493 | D        | Killed a fire drake
   609 | D        | Killed a fire drake
   641 | D        | Noticed a water elemental
   650 | D        | Killed a water elemental
   650 | D        | Reached skill level 7 in Fire Magic
   650 | D        | Reached XP level 4. HP: 22/24 MP: 5/14
   656 | D        | Learned a level 4 spell: Sticky Flame
   714 | D        | Found a white marble altar of Elyvilon.
   714 | D        | Found a glowing golden altar of the Shining One.
   714 | D        | Found a glowing silver altar of Zin.
   715 | D        | Noticed a deep elf priest
   724 | D        | Killed a deep elf priest
   724 | D        | Reached skill level 5 in Stealth
   724 | D        | Reached skill level 9 in Fire Magic
   724 | D        | Reached XP level 5. HP: 2/30 MP: 1/19
   724 | D        | Reached XP level 6. HP: 2/35 MP: 1/21
   917 | D        | Killed a yaktaur
   934 | D        | Killed a yaktaur
  1028 | D        | Learned a level 5 spell: Fireball
  1035 | D        | Found a radiant altar of Vehumet.
  1035 | D        | Found a deep blue altar of Sif Muna.
  1035 | D        | Found an ancient bone altar of Kikubaaqudgha.
  1035 | D        | Noticed a wizard
  1036 | D        | Killed a wizard
  1036 | D        | Reached skill level 5 in Fighting
  1055 | D        | Became a worshipper of Vehumet
  1067 | D        | Learned a level 6 spell: Bolt of Fire
  1099 | D        | Found an iron altar of Okawaru.
  1099 | D        | Found a bloodstained altar of Trog.
  1099 | D        | Noticed a human
  1100 | D        | Killed a human
  1132 | D        | Found a snail-covered altar of Cheibriados.
  1132 | D        | Found a blossoming altar of Fedhas.
  1132 | D        | Found a basalt altar of Yredelemnul.
  1132 | D        | Noticed a necrophage
  1132 | D        | Noticed a necromancer
  1133 | D        | Killed a necromancer
  1133 | D        | Acquired Vehumet's first power
  1133 | D        | Offered knowledge of Shock by Vehumet.
  1134 | D        | Killed a necrophage
  1134 | D        | Reached skill level 10 in Fire Magic
  1134 | D        | Reached XP level 7. HP: 27/40 MP: 18/24
  1237 | D        | Noticed a jelly
  1238 | D        | Killed by miscasting Bolt of Fire

Action                   |  1- 3 |  4- 6 |  7- 9 || total
-------------------------+-------+-------+-------++-------
Melee: Unarmed           |     6 |       |       ||     6
 Cast: Flame Tongue      |    26 |     7 |     1 ||    34
       Sticky Flame      |       |     3 |       ||     3
       Fireball          |       |     3 |       ||     3
Evoke: Wand              |     1 |       |       ||     1
  Use: Potion            |     5 |       |       ||     5
